 Dungeon Crawl Stone Soup version 0.26.0-11-g8f856b5395 (webtiles) character file.

Game seed: 7880828736987694068

6891 pkoi the Grappler (level 10, -13/100 HPs)
             Began as a Troll Monk on Jan 14, 2021.
             Was a Priest of Trog.
             Killed from afar by an efreet (26 damage)
             ... with a bolt of fire
             ... on level 1 of the Abyss.
             The game lasted 00:14:25 (8811 turns).

pkoi the Grappler (Troll Monk)                      Turns: 8811, Time: 00:14:26

Health: -13/100    AC:  9    Str: 23 (24) XL:     10   Next: 79%
Magic:  9/9        EV: 12    Int:  3 (6)  God:    Trog [***...]
Gold:   565        SH:  5    Dex: 11 (12) Spells: 9/9 levels left

rFire    . . .     SeeInvis .     - Unarmed
rCold    . . .     Faith    .   (no shield)
rNeg     . . .     Spirit   .   o - +0 troll leather armour
rPois    .         Reflect  +   J - +1 hat
rElec    .         Harm     .   H - scarf {+Inv}
rCorr    .         Rampage  .   (gloves unavailable)
Will     +++..                  (boots unavailable)
Stlth    ++........             c - amulet of reflection
HPRegen  2.06/turn              (no ring)
MPRegen  0.11/turn              s - ring of willpower

@: about to teleport, regenerating (expiring)
A: large, unfitting armour, claws 3, regeneration 1, shaggy fur 1, tough skin 3
a: Renounce Religion, Evoke Invisibility, Berserk, Trog's Hand


You were on level 1 of the Abyss.
You worshipped Trog.
Trog was most pleased with you.
You visited 2 branches of the dungeon, and saw 11 of its levels.
You visited the Abyss 1 time.
You also visited: Ossuary.

You collected 565 gold pieces.

Inventory:

Missiles
 b - 47 poisoned darts (quivered)
 y - 6 boomerangs
Armour
 o - a +0 troll leather armour (worn)
 z - the +2 robe of Ennui {rPois Will+ Int-3 Stlth+}
   (You took it off an orc on level 4 of the Dungeon)

   It affects your intelligence (-3).
   It protects you from poison.
   It affects your willpower, your defense against some magical effects.
   It makes you more stealthy.
 H - a scarf of invisibility (worn)
 J - a +1 hat (worn)
Jewellery
 a - an uncursed amulet of regeneration
 c - an amulet of reflection (around neck)
 g - an uncursed ring of flight
 i - an uncursed ring of protection from cold
 r - an uncursed ring of protection from fire
 s - a ring of willpower (right claw)
Wands
 v - a wand of paralysis (17)
 w - a wand of random effects (22)
 I - a wand of disintegration (22)
Scrolls
 d - 12 scrolls of identify
 f - 5 scrolls of magic mapping
 h - a scroll of silence {unknown}
 n - a scroll of blinking
 q - 6 scrolls of teleportation
 u - 8 scrolls of remove curse
 B - a scroll of fear
Potions
 e - 3 potions of flight
 j - 5 potions of heal wounds
 k - 8 potions of curing
 l - 2 potions of berserk rage
 m - 3 potions of haste
 t - a potion of cancellation
 C - a potion of might
 D - 2 potions of ambrosia
 G - a potion of magic


   Skills:
 + Level 6.4 Fighting
 + Level 6.9 Throwing
 + Level 5.7 Dodging
 - Level 2.1 Stealth
 + Level 10.8 Unarmed Combat
 - Level 2.1 Evocations


You had 9 spell levels left.
You didn't know any spells.
Your spell library was empty.

Dungeon Overview and Level Annotations

Branches:
Dungeon (10/15)            Temple (1/1) D:7            Lair (0/6) D:8
    Orc (0/2) D:10        Ossuary (visited)

Altars:
Ashenzari
Cheibriados
Dithmenos
Elyvilon
Fedhas
Gozag
Hepliaklqana
Kikubaaqudgha
Makhleb
Nemelex Xobeh
Okawaru
Qazlal
Ru
Sif Muna
Trog
Uskayaw
Vehumet
Wu Jian
Xom
Yredelemnul
Zin
The Shining One


Innate Abilities, Weirdness & Mutations

You are too large for most types of armour.
You have claws for hands.
Your natural rate of healing is unusually fast.
You are covered in fur. (AC +1)
You have extremely tough skin. (AC +3)


Message History

The bone dragon barely misses you. You block the bone dragon's attack.
The ancient zyme hits you.
* * * LOW HITPOINT WARNING * * *
The ancient zyme hits you.
* * * LOW HITPOINT WARNING * * *
As you read the scroll of teleportation, it crumbles to dust.
You feel strangely unstable.
You feel the power of the Abyss delaying your translocation!
The bone dragon bites you but does no damage.
The bone dragon misses you. The bone dragon tramples you!
* * * LOW HITPOINT WARNING * * *
You hold your ground!
The ancient zyme hits you.
* * * LOW HITPOINT WARNING * * *
You block the ancient zyme's attack.
Unknown command.
Found 25 stones.
You feel the effects of Trog's Hand fading.
The efreet gestures at you. The bolt of fire hits you!!
You die...

# ## ## ##.#
#. ####..#
###.##...○.#
..#.#.@.##○.#
#...#.#RD.#
##.#..#xx#(#
...###.4.# ##
.##.§#... .
#..#.#...
#...(..##.##.#
#. .#..#.. .#.
# ####
..##..##x#..


You could see a bone dragon, an ancient zyme and an efreet.

Vanquished Creatures
  Erolcha (D:9)
  A troll (D:9)
  An ancient zyme (Abyss:1)
  A large abomination (Abyss:1)
  5 yaks
  Sigmund (D:4)
  2 small abominations (Abyss:1)
  3 orc warriors
  2 sky beasts
  A black bear (D:7)
  2 ice beasts
  2 phantoms
  4 ogres
  A centaur (D:8)
  A wolf (D:8)
  3 bullfrogs
  3 gnoll sergeants (D:8)
  2 scorpions
  6 howler monkeys
  2 bullfrog zombies
  3 centaur zombies (Ossuary)
  11 hounds
  2 jellies
  17 orc wizards
  2 bullfrog skeletons
  3 gnoll shamans (D:8)
  4 orc priests
  2 centaur skeletons
  Natasha (D:2)
  3 iguanas
  5 worker ants
  A killer bee zombie (D:8)
  2 big kobold zombies (Ossuary)
  A hound zombie (D:7)
  A hound skeleton (D:8)
  5 mummies (Ossuary)
  2 worker ant zombies (D:5)
  20 adders
  9 gnolls
  A howler monkey skeleton (D:5)
  2 shadow imps
  3 white imps
  2 ufetubi (D:6)
  An ooze (D:1)
  An adder skeleton (D:5)
  3 worms
  2 leopard geckos
  60 orcs
  A ball python (D:6)
  9 giant cockroaches
  8 goblins
  11 hobgoblins
  11 jackals
  10 kobolds
  5 quokkas
  4 bats
  8 frilled lizards
  4 hobgoblin zombies (Ossuary)
  A jackal skeleton (D:5)
  A jackal zombie (D:7)
  A leopard gecko skeleton (D:4)
  A quokka zombie (D:6)
  10 rats
298 creatures vanquished.

Vanquished Creatures (others)
  4 demonic plants (Abyss:1)
4 creatures vanquished.

Grand Total: 302 creatures vanquished

Notes
Turn   | Place    | Note
-------+----------+-------------------------------------------
     0 | D:1      | pkoi the Troll Monk began the quest for the Orb.
     0 | D:1      | Reached XP level 1. HP: 22/22 MP: 0/0
   103 | D:1      | Reached XP level 2. HP: 29/29 MP: 1/1
   363 | D:1      | Reached skill level 1 in Throwing
   363 | D:1      | Reached skill level 4 in Unarmed Combat
   363 | D:1      | Reached XP level 3. HP: 35/36 MP: 2/2
   703 | D:2      | Reached XP level 4. HP: 44/44 MP: 3/3
   776 | D:2      | Noticed Natasha
  1212 | D:2      | Killed Natasha
  1213 | D:2      | Reached skill level 5 in Unarmed Combat
  1213 | D:2      | Reached XP level 5. HP: 50/50 MP: 4/4
  1560 | D:3      | Found a bloodstained altar of Trog.
  1573 | D:3      | Became a worshipper of Trog the Wrathful
  1573 | D:3      | Reached * piety under Trog
  1573 | D:3      | Reached ** piety under Trog
  1941 | D:4      | Reached XP level 6. HP: 56/59 MP: 5/5
  2004 | D:4      | Noticed Sigmund
  2011 | D:4      | Killed Sigmund
  2012 | D:4      | Reached skill level 6 in Unarmed Combat
  2161 | D:4      | Reached XP level 7. HP: 50/67 MP: 6/6
  2231 | D:4      | Reached skill level 7 in Unarmed Combat
  2359 | D:4      | Reached *** piety under Trog
  2483 | D:4      | Identified the +2 robe of Ennui {rPois Will+ Int-3 Stlth+}
  2722 | D:5      | Entered Level 5 of the Dungeon
  3013 | D:5      | Reached XP level 8. HP: 66/78 MP: 7/7
  3187 | D:5      | Reached skill level 8 in Unarmed Combat
  3547 | D:6      | Reached **** piety under Trog
  3798 | D:6      | Found a sacrificial altar of Ru.
  3945 | D:6      | Reached skill level 1 in Evocations
  4078 | D:6      | Reached XP level 9. HP: 81/85 MP: 8/8
  4169 | D:6      | Found a stormy altar of Qazlal.
  4456 | D:7      | Found a staircase to the Ecumenical Temple.
  4474 | Temple   | Entered the Ecumenical Temple
  4810 | D:7      | Found a radiant altar of Vehumet.
  4977 | D:7      | Reached skill level 5 in Throwing
  4993 | D:7      | Reached skill level 9 in Unarmed Combat
  5269 | D:7      | Found a snail-covered altar of Cheibriados.
  6132 | D:8      | Reached skill level 5 in Fighting
  6311 | D:8      | Found a sand-covered staircase.
  6316 | Ossuary  | Entered an ossuary
  6752 | D:8      | Found a staircase to the Lair.
  6764 | D:8      | Reached skill level 10 in Unarmed Combat
  6781 | D:7      | Reached XP level 10. HP: 34/96 MP: 9/9
  7054 | D:8      | Reached ***** piety under Trog
  7290 | D:8      | Found a blossoming altar of Fedhas.
  7588 | D:9      | Received a gift from Trog
  7603 | D:9      | Reached skill level 5 in Dodging
  7714 | D:9      | Noticed Erolcha
  7729 | D:9      | Killed Erolcha
  8112 | D:9      | Lost intelligence.
  8379 | D:10     | Entered Level 10 of the Dungeon
  8623 | D:10     | Found a staircase to the Orcish Mines.
  8651 | D:10     | Cast into level 1 of the Abyss (orc wizard)
  8796 | Abyss:1  | Noticed a lich
  8797 | Abyss:1  | Noticed a bone dragon
  8811 | Abyss:1  | Killed from afar by an efreet

Illustrated notes

Levels and vault maps discovered:
D:1:      minmay_arrival_up_and_down, layout_rooms
D:2:      layout_loops_ring, uniq_natasha
D:3:      layout_rooms, trog_three_pillars_becter
D:4:      minmay_bubble_buster, layout_basic, uniq_sigmund
D:5:      layout_basic
D:6:      layout_loops_ring, marbit_many_paths, nicolae_ru_sacrificial_ziggurat,
          moated_statue, grunt_decor_cap
D:7:      layout_layer_cave, cheibriados_altar_1, old_standard_altar,
          minmay_temple_entry_glass
D:8:      layout_cave_pools, lair_entry_dummy, enter_ossuary_5,
          serial_gnoll_camp, gnoll_camp_mini_hut, gnoll_camp_huts_basic,
          gnoll_camp_mini_house, gnoll_camp_mini_hut, st_stairs_3, minivault_4,
          fedhas_altar_fruit_tree
D:9:      layout_loops_ring, nicolae_wwwww, kennysheep_doodads, uniq_erolcha
D:10:     layout_irregular_city, erik_orc_3
Temple:   dpeg_five_rooms_temple
Abyss:1:  base: Temple, evilmike_abyss_exit_plants, evilmike_abyss_exit_chaos

Skill      XL: |  1  2  3  4  5  6  7  8  9 10 |
---------------+-------------------------------+-----
Throwing       | 1 2 3 4 5 6 |  6.9
Unarmed Combat | 4 5 6 7 8 10 | 10.8
Fighting       | 3 4 5 6 |  6.4
Dodging        | 3 4 5 |  5.7
Evocations     | 1 2 |  2.1
Stealth        | 2 |  2.1

Action                   |  1- 3 |  4- 6 |  7- 9 | 10-12 || total
-------------------------+-------+-------+-------+-------++-------
Melee: Unarmed           |    92 |   136 |   493 |   170 ||   891
       Punch             |       |     2 |    23 |     6 ||    31
Invok: Trog's Hand       |       |       |     4 |     1 ||     5
       Berserk           |       |       |     1 |     1 ||     2
  Use: Scroll            |       |     7 |     8 |     5 ||    20
       Potion            |       |       |       |     8 ||     8
 Stab: Sleeping          |     2 |     4 |     6 |     4 ||    16
Armor: Robe              |    27 |    33 |   170 |    18 ||   248
       Troll leather arm |       |       |       |    24 ||    24
Dodge: Dodged            |    41 |    70 |   261 |    54 ||   426
Block: Other             |       |    19 |   121 |    31 ||   171
       Reflection        |       |     1 |       |     4 ||     5
